 Dungeon Crawl Stone Soup version 0.24.1-8-ga250c9d538 (webtiles) character file.

Game seed: 10591670898160110942, levelgen mode: deterministic

77 oneeyed the Ruffian (level 4, -2/44 HPs)
             Began as a Troll Fighter on Apr 27, 2020.
             Slain by a centaur (9 damage)
             ... on level 3 of the Dungeon.
             The game lasted 00:08:45 (1546 turns).

oneeyed the Ruffian (Troll Fighter)                 Turns: 1546, Time: 00:08:46

Health: -2/44      AC:  6    Str: 24    XL:     4   Next: 13%
Magic:  3/3        EV:  8    Int:  4    God:
Gold:   75         SH:  9    Dex: 10    Spells: 3/3 levels left

rFire    . . .     SeeInvis .     - Unarmed
rCold    . . .     Gourm    +   b - +0 shield
rNeg     . . .     Faith    .   a - +0 robe
rPois    .         Spirit   .   (helmet restricted)
rElec    .         Reflect  .   (no cloak)
rCorr    .         Harm     .   (gloves unavailable)
MR       .....                  (boots unavailable)
Stlth    +.........             (no amulet)
HPRegen  0.54/turn              (no ring)
MPRegen  0.08/turn              (no ring)

@: no status effects
A: large, unfitting armour, claws 3, fast metabolism 3, gourmand, regeneration
1, shaggy fur 1, tough skin 3
a: no special abilities


You were on level 3 of the Dungeon.
You were very full.

You visited 1 branch of the dungeon, and saw 3 of its levels.

You collected 75 gold pieces.

Inventory:

Armour
 a - a +0 robe (worn)
 b - a +0 shield (worn)
 j - a +1 robe of positive energy
 n - a +0 robe
 u - a +0 robe
Jewellery
 g - a +2 ring of protection {unknown}
 t - an uncursed amulet of harm {unknown}
Scrolls
 h - 2 scrolls of identify {unknown}
 i - a scroll of blinking {unknown}
 k - a scroll of noise {unknown}
 m - 2 scrolls of enchant weapon {unknown}
 o - a scroll of random uselessness {unknown}
 p - a scroll of immolation {unknown}
 q - a scroll of enchant armour {unknown}
 r - a scroll of remove curse {unknown}
Potions
 c - a potion of might
 e - a potion of degeneration {unknown}
 f - a potion of lignification {unknown}
 l - a potion of curing {unknown}
 s - a potion of flight {unknown}
 v - a potion of brilliance {unknown}
Comestibles
 d - 4 rations


   Skills:
 - Level 2.4 Fighting
 - Level 2.4 Dodging
 + Level 3.3 Shields
 + Level 3.4 Unarmed Combat


You had 3 spell levels left.
You didn't know any spells.
Your spell library was empty.

Dungeon Overview and Level Annotations

Branches:
Dungeon (3/15)

Altars:
Ashenzari
Uskayaw


Innate Abilities, Weirdness & Mutations

You are too large for most types of armour.
You have claws for hands.
Your metabolism is lightning-fast.
You like to eat raw meat.
Your natural rate of healing is unusually fast.
You are covered in fur. (AC +1)
You have extremely tough skin. (AC +3)


Message History

The centaur shoots an arrow.
The arrow hits you!
The centaur shoots an arrow.
The arrow hits you.
You see here an arrow.
The centaur shoots an arrow.
The arrow misses you.
You see here an arrow.
The centaur shoots an arrow.
The arrow hits you!
* * * LOW HITPOINT WARNING * * *
You see here an arrow.
The centaur unwields a +0 shortbow.
The centaur hits you.
* * * LOW HITPOINT WARNING * * *
The centaur barely misses you.
You scratch the centaur.
The centaur is lightly wounded.
The centaur closely misses you.
You scratch the centaur.
The centaur is moderately wounded.
The centaur hits you.
* * * LOW HITPOINT WARNING * * *
The centaur hits you!
You die...

#.......#......#
..#
#.......#......###
..#
#.......##.......#
###.#
########....####..
.#..#
######....##.##
##...####
........####..#
##........
........# ##.#
##..# ........#
#.###.(##
........# #..(@(##
........#
#....c###
........##..##....
........##.#
##.....
(.......##.
#......#
........##
.......# #......#
#...c..#


You could see a centaur.

Vanquished Creatures
  4 adders
  An ooze (D:2)
  An adder zombie (D:1)
  A dart slug (D:1)
  A leopard gecko (D:2)
  2 giant cockroaches (D:2)
  2 goblins
  4 hobgoblins
  2 jackals (D:1)
  5 bats
  2 frilled lizards
  A giant cockroach zombie (D:1)
  4 kobolds
  2 rats
32 creatures vanquished.

Notes
Turn   | Place    | Note
-------+----------+-------------------------------------------
     0 | D:1      | oneeyed the Troll Fighter began the quest for the Orb.
     0 | D:1      | Reached XP level 1. HP: 22/22 MP: 0/0
   114 | D:1      | Reached XP level 2. HP: 29/29 MP: 1/1
  1062 | D:2      | Reached XP level 3. HP: 34/36 MP: 2/2
  1308 | D:2      | Found a shattered altar of Ashenzari.
  1477 | D:3      | Reached XP level 4. HP: 44/44 MP: 3/3
  1482 | D:3      | Found a hide-covered altar of Uskayaw.
  1536 | D:3      | Noticed a centaur
  1546 | D:3      | Slain by a centaur

Levels and vault maps discovered:
D:1:      saegor_arrival_fortress, layout_basic
D:2:      layout_rooms, nicolae_overflow_hidden_temple
D:3:      layout_rooms, old_standard_altar

Skill      XL: |  1  2  3 |
---------------+----------+-----
Shields        | 3 |  3.3
Unarmed Combat | 3 |  3.4
Fighting       | |  2.4
Dodging        | |  2.4

Action                   |  1- 3 |  4- 6 || total
-------------------------+-------+-------++-------
Melee: Unarmed           |    90 |     9 ||    99
  Eat: Chunk             |    17 |     1 ||    18
Armor: Robe              |    39 |     3 ||    42
Dodge: Dodged            |    18 |     4 ||    22
Block: Shield            |    36 |     2 ||    38
